 Dungeon Crawl Stone Soup version 0.29-a0-392-g297d3b089c (webtiles) character file.

Game seed: 3707508906178538919

121 holysushi the Skirmisher (level 5, -4/57 HPs)
             Began as an Ogre Chaos Knight on May 8, 2022.
             Was a Plaything of Xom.
             Slain by an orc
             ... wielding a +2 mace of protection
              (12 damage)
             ... on level 3 of the Dungeon.
             The game lasted 00:01:01 (1572 turns).

holysushi the Skirmisher (Ogre Chaos Knight)        Turns: 1572, Time: 00:01:01

Health: -4/57      AC:  5    Str: 16    XL:     5   Next: 5%
Magic:  5/5        EV: 10    Int: 13    God:    Xom [.*....]
Gold:   120        SH:  0    Dex: 10    Spells: 4/4 levels left

rFire   . . .      SeeInvis .   a - +0 mace (chaos)
rCold   . . .      Faith    .   (no shield)
rNeg    . . .      Spirit   .   b - +2 robe
rPois   .          Reflect  .   (helmet restricted)
rElec   .          Harm     .   (no cloak)
rCorr   .          Rampage  .   (gloves unavailable)
Will    .....                   (boots unavailable)
Stlth   +.........              (no amulet)
HPRegen 0.19/turn               (no ring)
MPRegen 0.09/turn               (no ring)

@: no status effects
A: large, unfitting armour, tough skin 1
a: Renounce Religion


You were on level 3 of the Dungeon.
You worshipped Xom.
You were a plaything of Xom.
You visited 1 branch of the dungeon, and saw 3 of its levels.

You collected 120 gold pieces.

Inventory:

Hand Weapons
 a - a +0 mace of chaos (weapon)
Missiles
 m - 4 javelins
Armour
 b - a +2 robe (worn)
 l - a +0 cloak
Scrolls
 e - a scroll of enchant weapon {unknown}
 f - a scroll of identify {unknown}
 g - 2 scrolls of enchant armour {unknown}
 h - 3 scrolls of noise {unknown}
 i - a scroll of vulnerability {unknown}
 j - a scroll of poison {unknown}
 k - a scroll of fog {unknown}
Potions
 d - 3 potions of curing {unknown}
 n - a potion of brilliance {unknown}
 o - a potion of degeneration {unknown}
Miscellaneous
 c - a piece from Xom's chessboard (15/15) (quivered)


   Skills:
 + Level 5.3 Fighting
 * Level 4.4 Maces & Flails
 - Level 2.1 Dodging


You had 4 spell levels left.
You didn't know any spells.
Your spell library contained the following spells:

 Spells                   Type           Power      Damage    Failure   Level
 Animate Skeleton         Necr           0%         N/A       30%         1
 Freeze                   Ice            0%         1d3       30%         1
 Pain                     Necr           0%         1d4       30%         1
 Frozen Ramparts          Ice            0%         1d2       67%         3
 Summon Guardian Golem    Hex/Summ       0%         N/A       67%         3
 Vampiric Draining        Necr           0%         2d6       67%         3
 Hailstorm                Conj/Ice       0%         3d3       97%         4
 Orb of Destruction       Conj           0%         9d5       100%        7
 Spellforged Servitor     Conj/Summ      0%         N/A       100%        7


Dungeon Overview and Level Annotations

Branches:
Dungeon (3/15)

Altars:


Innate Abilities, Weirdness & Mutations

You are too large for most types of armour.
You have tough skin. (AC +1)


Message History

An orc comes into view. It is wielding a +0 dagger.
An orc comes into view. It is wielding a +2 mace of protection.
The orc shouts! x2; You hear an angry hiss.
A quokka comes into view.
An orc comes into view. It is wielding a +0 short sword.
The orc hits you with a +0 hand axe.
You hit the orc.
The orc is moderately wounded.
You barely miss the orc. You hit the orc but do no damage.
The orc closely misses you.
You completely miss the orc. Your punch misses the orc.
The orc hits you with a +2 mace of protection.
You hit the orc but do no damage.
The orc seems to grow stronger.
The orc hits you with a +2 mace of protection.
You hit the orc but do no damage. Your punch misses the orc.
The orc barely misses you.
The orc hits you with a +2 mace of protection!
You barely miss the orc. The orc closely misses you.
You hit the orc. You freeze the orc.
The orc is severely wounded.
The orc hits you with a +2 mace of protection!
You barely miss the orc.
The orc is severely wounded.
The orc hits you with a +2 mace of protection!
You are too injured to fight recklessly!
You barely miss the orc.
The orc is severely wounded.
The orc hits you with a +2 mace of protection!
* * * LOW HITPOINT WARNING * * *
You are too injured to fight recklessly!
You barely miss the orc.
The orc is severely wounded.
The orc hits you with a +2 mace of protection.
* * * LOW HITPOINT WARNING * * *
The orc hits you but does no damage.
You hit the orc but do no damage.
The orc goes berserk!
Xom is highly amused!
The orc is severely wounded.
The orc hits you with a +2 mace of protection!
You die...

#......#########........
#....<.##...............
#.....###.######........
###.#.....##...'........
#.#.######.###........
...........# #.##+####
##.##.#########......##
.... .. ..........>....
#.# .. ....###@##.#.##
#. ..... #o# .# # . #o#
# #o#


#or ##. . .. You could see 4 orcs and a quokka.

Vanquished Creatures
  A black bear (D:2)
  3 endoplasms
  2 goblins (D:2)
  6 hobgoblins
  3 quokkas (D:1)
  3 frilled lizards
  6 rats (D:1)
24 creatures vanquished.

Notes
Turn   | Place    | Note
-------+----------+-------------------------------------------
     0 | D:1      | holysushi the Ogre Chaos Knight began the quest for the
                  | Orb.
     0 | D:1      | Reached XP level 1. HP: 24/24 MP: 1/1
    31 | D:1      | XOM: silly message
   168 | D:1      | Reached XP level 2. HP: 32/32 MP: 2/2
   328 | D:1      | XOM: divination: detect creatures
   630 | D:1      | XOM: silly message
   929 | D:2      | Noticed a black bear
   932 | D:2      | Reached XP level 3. HP: 40/40 MP: 3/3
   939 | D:2      | Killed a black bear
   940 | D:2      | Reached skill level 5 in Fighting
   940 | D:2      | Reached XP level 4. HP: 32/50 MP: 4/4
   940 | D:2      | Reached XP level 5. HP: 37/57 MP: 5/5
  1248 | D:2      | XOM: 9-stop teleportation journey
  1572 | D:3      | Slain by an orc

Illustrated notes

Levels and vault maps discovered:
D:1:      psy_arrival_conway, layout_rooms
D:2:      layout_loops_ring
D:3:      layout_basic, worldfamousw_hep_ancestral_shrine,
          shapermc_ecumenical_altar_acropolis, minmay_unequal

Skill      XL: |  1  2  3 |
---------------+----------+-----
Maces & Flails | 3 4 |  4.4
Fighting       | 5 |  5.3
Dodging        | |  2.1

Action                   |  1- 3 |  4- 6 || total
-------------------------+-------+-------++-------
Melee: Mace              |    42 |    19 ||    61
       Punch             |     1 |       ||     1
Armor: Robe              |    21 |     2 ||    23
Dodge: Dodged            |    25 |     7 ||    32

Table legend: (Time is in decaauts)
 A = Elapsed time spent in this place.
 B = Non-inter-level travel time spent in this place.
 C = Inter-level travel time spent in this place.
 D = Time resting spent in this place.
 E = Time spent auto-exploring this place.
 F = Levels seen in this place.
 G = Mean time per level.
                   A        B        C        D        E       F      G
               +--------+--------+--------+--------+--------+-----+--------+
         Total |   1589 |   1495 |     94 |    159 |   1119 |   3 |  529.7 |
       Dungeon |   1589 |   1495 |     94 |    159 |   1119 |   3 |  529.7 |
               +--------+--------+--------+--------+--------+-----+--------+

Top non-repeatable levels by time:
     D:2: 844 daAuts
     D:1: 691 daAuts
     D:3: 52 daAuts
